AoeStats
← ScipioAfricanus

Nomad

509348398Analyzed
4v4 RM · 7d ago on Sep 26, 2026· 69m 28s· 8 players
Game mode
Random Map
Map size
231×231
Population
200
Speed
Normal
Resources
Standard
Victory
Conquest
Starting age
Dark Age
Ending age
Imperial Age
RankedLock teamsTeams togetherTeam positionsShared explorationLock speedFull tech treeHidden civsTurbo modeCheats
Victory
Defeat
🇬🇧 Teutons · United Kingdom
1229
+18
🇿🇦 Muisca · South Africa
1196
+19
🇿🇦 Bengalis · South Africa
1196
+19
🇿🇦 Khmer · South Africa
1169
+21
🇭🇰 Japanese · Hong Kong SAR China
1329
-21
🇪🇸 Inca · Spain
1264
-19
🇳🇱 Maya · Netherlands
1257
-19
🇲🇽 Jurchens · Mexico
1242
-18
_Suko_
3:42 Loom
13:34 Feudal Age
18:15 Castle Age
17:06 Double-Bit Axe
zabijucha
2:56 Loom
13:58 Feudal Age
16:26 Fletching
16:50 Forging
16:25 Fishing Lines
22:21 Castle Age
21:02 Fletching
22:22 Double-Bit Axe
23:44 Medium Warships
22:55 Demolition Ship
23:48 Bodkin Arrow
25:02 Bow Saw
26:26 Gillnets
26:27 Eagle Warrior
28:13 Padded Archer Armor
29:06 Scale Mail Armor
30:14 Chain Mail Armor
30:35 Squires
32:35 Ballistics
36:25 Imperial Age
37:39 Bracer
38:17 Wheelbarrow
38:23 Leather Archer Armor
38:09 Gold Mining
39:26 Conscription
40:50 Chemistry
40:05 Hul'che Javelineers
41:45 Ring Archer Armor
41:34 Town Watch
41:35 Elite Skirmisher
44:40 Thumb Ring
45:44 Masonry
46:56 Architecture
49:04 Elite Eagle Warrior
52:51 Arson
57:04 Hoardings
60:33 Holcans
59:44 Crossbowman
63:00 Hand Cart
65:42 Crossbowman
Komodo3000
9:03 Loom
14:15 Feudal Age
15:09 Double-Bit Axe
18:49 Horse Collar
20:22 Wheelbarrow
20:43 Town Watch
23:48 Castle Age
22:18 Fletching
23:43 Scale Barding Armor
23:48 Forging
24:59 Bloodlines
26:13 Chain Barding Armor
26:04 Light Cavalry
44:20 Imperial Age
42:29 Bodkin Arrow
45:49 Plate Barding Armor
45:34 Gold Mining
47:55 Conscription
48:16 Gold Shaft Mining
48:48 Forging
48:14 Elite Iron Pagoda
50:43 Husbandry
52:52 Iron Casting
58:19 Heavy Plow
59:01 Bow Saw
58:44 Stone Mining
62:23 Blast Furnace
61:24 Scale Mail Armor
62:33 Two-Man Saw
62:07 Fishing Lines
61:56 Pikeman
62:42 Halberdier
64:47 Squires
66:38 Chain Mail Armor
横扫五十岁以上无敌手
14:45 Feudal Age
16:19 Double-Bit Axe
18:48 Castle Age
16:41 Horse Collar
17:59 Loom
20:01 Bow Saw
20:04 Scale Barding Armor
20:11 Forging
20:18 Husbandry
23:59 Town Watch
26:48 Wheelbarrow
34:23 Hand Cart
39:35 Imperial Age
37:25 Fishing Lines
37:54 Town Patrol
38:34 Heavy Plow
40:40 Chain Barding Armor
40:23 Scale Mail Armor
41:00 Iron Casting
39:49 Pikeman
40:15 Gambesons
40:16 Arson
40:34 Squires
41:00 Conscription
40:12 Onager
41:24 Chain Mail Armor
43:01 Two-Man Saw
41:26 Halberdier
44:14 Blast Furnace
43:45 Plate Mail Armor
55:27 Kataparuto
56:40 Yasama
58:41 Padded Archer Armor
58:32 Fletching
58:07 Elite Skirmisher
58:53 Thumb Ring
60:45 Chemistry
60:06 Ballistics
60:14 Bodkin Arrow
ScipioAfricanus
14:22 Feudal Age
18:52 Castle Age
18:46 Loom
57:01 Imperial Age
60:52 Bloodlines
60:04 Cavalier
63:40 Horse Collar
64:44 Heavy Plow
64:38 Double-Bit Axe
64:52 Paladin
66:17 Bow Saw
67:49 Crop Rotation
68:20 Two-Man Saw
67:57 Scale Barding Armor
68:03 Forging
69:59 Chain Barding Armor
70:15 Iron Casting
Attila
4:33 Loom
12:29 Feudal Age
16:20 Castle Age
15:37 Double-Bit Axe
15:42 Town Watch
16:09 Fletching
18:25 Wheelbarrow
23:03 Horse Collar
29:30 Bow Saw
36:16 Imperial Age
34:13 Gold Mining
34:57 Bodkin Arrow
35:41 Padded Archer Armor
36:16 Heavy Plow
35:46 Crossbowman
37:22 Conscription
37:46 Crop Rotation
39:54 Chemistry
39:19 Ballistics
39:12 Stone Mining
41:42 Hand Cart
41:46 Arbalester
43:46 Leather Archer Armor
43:34 Bracer
44:38 Thumb Ring
47:23 Coinage
47:56 Herbalism
49:20 Banking
50:05 Siege Engineers
49:41 Treadmill Crane
49:35 Elite Guecha Warrior
50:21 Huaracas
55:17 Two-Man Saw
54:53 Gold Shaft Mining
54:53 Stone Shaft Mining
57:20 Capped Ram
62:45 Masonry
63:13 Hoardings
65:36 Leather Archer Armor
Koekie
9:30 Loom
13:27 Feudal Age
19:41 Castle Age
17:28 Double-Bit Axe
19:19 Gold Mining
20:30 Town Watch
22:37 Husbandry
24:45 Bloodlines
24:40 Horse Collar
26:29 Scale Barding Armor
27:47 Forging
28:58 Chain Barding Armor
31:21 Gold Shaft Mining
33:39 Iron Casting
34:28 Light Cavalry
39:28 Imperial Age
39:01 Wheelbarrow
39:40 Cavalier
41:44 Plate Barding Armor
42:43 Heavy Plow
44:15 Blast Furnace
47:32 Hussar
49:19 Bow Saw
51:33 Conscription
55:41 Stone Mining
57:36 Fletching
58:25 Elite Battle Elephant
60:10 Crop Rotation
59:41 Pikeman
64:06 Tusk Swords
66:25 Hand Cart
68:38 Caravan
SillySamurai
4:32 Loom
13:48 Feudal Age
18:20 Castle Age
17:00 Town Watch
17:02 Double-Bit Axe
16:59 Horse Collar
19:24 Bow Saw
20:33 Wheelbarrow
28:26 Hand Cart
32:18 Fletching
32:29 Padded Archer Armor
35:38 Ballistics
35:32 Bodkin Arrow
35:53 Leather Archer Armor
40:00 Masonry
43:44 Imperial Age
52:38 Elite Elephant Archer
58:34 Bloodlines
58:24 Husbandry
59:09 Bracer
59:18 Scale Barding Armor
60:11 Paiks
60:27 Conscription
61:38 Ring Archer Armor
63:25 Chain Barding Armor
66:47 Plate Barding Armor
66:23 Forging
66:14 Elite Battle Elephant
68:33 Chemistry
68:05 Architecture
Connection lost

Rejoining the realm…

Still unreachable

The connection could not be restored.

Session expired

The server has moved on; the page needs a fresh start.